 Dungeon Crawl Stone Soup version 0.25-a0-290-g4a1327ee3a (webtiles) character file.

Game seed: 9152629370822259034, levelgen mode: deterministic

39 MoonlitKnight the Skirmisher (level 3, 0/33 HPs)
             Began as a Hill Orc Fighter on Dec 14, 2019.
             Slain by Sigmund
             ... wielding a +0 scythe
              (5 damage)
             ... on level 2 of the Dungeon.
             The game lasted 00:01:32 (1117 turns).

MoonlitKnight the Skirmisher (Hill Orc Fighter)     Turns: 1117, Time: 00:01:32

Health: 0/33       AC:  6    Str: 19    XL:     3   Next: 45%
Magic:  3/3        EV:  7    Int:  8    God:
Gold:   51         SH:  9    Dex: 10    Spells: 2/2 levels left

rFire    . . .     SeeInvis .   a - +0 war axe
rCold    . . .     Gourm    .   c - +0 shield
rNeg     . . .     Faith    .   b - +0 scale mail
rPois    .         Spirit   .   (no helmet)
rElec    .         Reflect  .   (no cloak)
rCorr    .         Harm     .   (no gloves)
MR       .....                  (no boots)
Stlth    ..........             (no amulet)
HPRegen  0.11/turn              (no ring)
MPRegen  0.08/turn              (no ring)

@: lethally poisoned (0 -> -25)
A: no striking features
a: no special abilities


You were on level 2 of the Dungeon.
You were not hungry.

You visited 1 branch of the dungeon, and saw 2 of its levels.

You collected 51 gold pieces.

Inventory:

Hand Weapons
 a - a +0 war axe (weapon)
Missiles
 g - 19 poisoned darts (quivered)
Armour
 b - a +0 scale mail (worn)
 c - a +0 shield (worn)
Scrolls
 e - a scroll of immolation {unknown}
 i - a scroll of magic mapping {unknown}
 k - a scroll of remove curse {unknown}
Potions
 d - a potion of might
 h - 3 potions of haste {unknown}
 l - a potion of cancellation {unknown}
Comestibles
 f - 4 rations
 j - 2 chunks of flesh


   Skills:
 + Level 4.0 Fighting
 * Level 3.8 Axes
 + Level 3.6 Armour
 + Level 3.6 Shields


You had 2 spell levels left.
You didn't know any spells.
Your spell library was empty.

Dungeon Overview and Level Annotations

Branches:
Dungeon (2/15)

Altars:

Annotations:
D:2 Sigmund


Message History

You feel sick. The kobold hits you but does no damage.
You are lethally poisoned!
Sigmund hits you but does no damage. The kobold hits you but does no damage.
You are more poisoned.
You hit Sigmund but do no damage.
Sigmund is heavily wounded.
You hit the kobold but do no damage.
You feel sick. Sigmund gestures at you while chanting.
The puff of flame hits you.
* * * LOW HITPOINT WARNING * * *
The giant cockroach closely misses you. The kobold hits you but does no damage.
You are more poisoned.
You slash Sigmund!
Sigmund is severely wounded.
Your shield prevents you from hitting the giant cockroach.
You closely miss the kobold.
* * * LOW HITPOINT WARNING * * *
You feel very sick. The giant cockroach barely misses you.
Sigmund hits you with a +0 scythe.
You die...

## .. .# .. .# r#
#########@#####.
#.......@s......
#####.$..K.####. ###
#...%..+ #.## #......#
###..### #......###
.......######..........
#..###............?.....
#..#.#..#########.......
#..#.#..# .......


You could see Sigmund, a giant cockroach, a kobold and a rat.

Vanquished Creatures
  An adder (D:2)
  A worm (D:2)
  A dart slug (D:1)
  A leopard gecko (D:1)
  4 bats (D:1)
  2 giant cockroaches (D:1)
  3 goblins
  2 hobgoblins
  2 frilled lizards
  3 kobolds (D:1)
  3 rats
23 creatures vanquished.

Notes
Turn   | Place    | Note
-------+----------+-------------------------------------------
     0 | D:1      | MoonlitKnight the Hill Orc Fighter began the quest for the
                  | Orb.
     0 | D:1      | Reached XP level 1. HP: 19/19 MP: 1/1
   229 | D:1      | Reached XP level 2. HP: 27/27 MP: 2/2
   897 | D:2      | Reached XP level 3. HP: 33/33 MP: 3/3
   899 | D:2      | Reached skill level 4 in Fighting
  1103 | D:2      | Noticed Sigmund
  1117 | D:2      | Slain by Sigmund

Levels and vault maps discovered:
D:1:      minmay_arrival_hallway, layout_loops_ring
D:2:      layout_basic, grunt_temple_overflow_forces_of_nature,
          minmay_misc_feat_nine_boxes, uniq_sigmund, uniq_crazy_yiuf_cottage

Skill      XL: |  1  2  3 |
---------------+----------+-----
Axes           | 3 |  3.8
Fighting       | 4 |  4.0
Armour         | |  3.6
Shields        | |  3.6

Action                   || total
-------------------------++-------
Melee: War axe           ||    72
  Eat: Chunk             ||     1
Armor: Scale mail        ||    41
Dodge: Dodged            ||    17
Block: Shield            ||    36

Table legend:
 A = Non-vault XP
 B = Vault XP
 C = Vault XP percentage of total XP
 D = Non-vault monster count
 E = Vault monster count
 F = Vault count percentage of total count
                 A         B        C        D         E       F
            +---------+---------+-------+---------+---------+-------
      Total |      56 |       0 |   0.0 |      23 |       0 |   0.0
            +---------+---------+-------+---------+---------+-------
        D:1 |      31 |       0 |   0.0 |      17 |       0 |   0.0
        D:2 |      25 |       0 |   0.0 |       6 |       0 |   0.0
            +---------+---------+-------+---------+---------+-------
